 Dungeon Crawl Stone Soup version 0.31-a0-876-gfe8ebadbca (webtiles) character file.

Game seed: 12223496414795954569

45 Azuregosa the Covert (level 3, -1/26 HPs)
             Began as an Octopode Delver on Oct 13, 2023.
             Was an Initiate of Cheibriados.
             Slain by a scorpion (2 damage)
             ... on level 6 of the Dungeon.
             The game lasted 00:04:35 (674 turns).

Azuregosa the Covert (Octopode Delver)               Turns: 674, Time: 00:04:37

Health: -1/26      AC:  1    Str: 14    XL:     3   Next: 64%
Magic:  3/3        EV: 13    Int: 13    God:    Cheibriados [......]
Gold:   41         SH:  0    Dex: 14    Spells: 2/2 levels left

rFire   . . .        a - +0 mace
rCold   + . .        (no shield)
rNeg    . . .        (helmet restricted)
rPois   .            d - amulet of the acrobat
rElec   .            h - ring of protection from cold
rCorr   .            (no ring)
SInv    .            (no ring)
Will    .....        (no ring)
Stlth   +++++        (no ring)
HPRegen 0.24/turn    (no ring)
MPRegen 0.08/turn    (no ring)
                     (no ring)

%: acrobat
@: lethally poisoned (-1 -> -5), very slow
A: almost no armour, amphibious, 8 rings, camouflage 1, gelatinous body 1,
(nimble swimmer 1), tentacles
a: Renounce Religion


You were on level 6 of the Dungeon.
You worshipped Cheibriados.
Cheibriados was noncommittal.
You visited 2 branches of the dungeon, and saw 5 of its levels.

You collected 41 gold pieces.

Inventory:

Hand Weapons
 a - a +0 mace (weapon)
Jewellery
 d - an amulet of the acrobat (around mantle)
 h - a ring of protection from cold (left tentacle)
Wands
 f - a wand of digging (3)
Scrolls
 b - a scroll of fog
 c - a scroll of revelation
 i - a scroll of poison {unknown}
Potions
 e - a potion of haste
 g - a potion of attraction {unknown}


   Skills:
 - Level 3.0 Fighting
 - Level 2.0 Maces & Flails
 - Level 2.0 Dodging
 + Level 8.3 Stealth


You had 2 spell levels left.
You didn't know any spells.
Your spell library was empty.

Dungeon Overview and Level Annotations

Branches:
Dungeon (7/15)             Temple (1/1) D:4

Altars:
Ashenzari
Cheibriados
Kikubaaqudgha
Makhleb
Nemelex Xobeh
Ru
Sif Muna
Vehumet
Wu Jian
The Shining One

Annotations:
D:5 Dowan, Duvessa
D:6 Eustachio


Innate Abilities, Weirdness & Mutations

You cannot wear most types of armour.
You are amphibious.
You can wear up to eight rings at the same time.
Your skin changes colour to match your surroundings (Stealth+).
Your rubbery body absorbs attacks. (AC +1, EV +1)
((You are camouflaged when in or above water. (Stealth+)))
You have tentacles for arms and can constrict up to eight enemies at once.


Message History

Found 9 gold pieces.
Found 9 gold pieces.
d - an amulet of the acrobat
There are no items here.
A water moccasin comes into view.
There is a stone staircase leading up here.
You climb upwards.
Level annotation: Eustachio
There is a stone staircase leading down here.
You start putting on your amulet.
You continue putting on your amulet of the acrobat. x5
You finish putting on your amulet of the acrobat.
You feel ready to tumble and roll out of harm's way.
d - an amulet of the acrobat (around mantle)
You start resting.
HP restored.
A scorpion comes into view.
The scorpion stings you.
You hit the scorpion but do no damage. You grab the scorpion.
You squeeze the scorpion, but do no damage.
You constrict the scorpion. The scorpion stings you.
You hit the scorpion.
The scorpion is moderately wounded.
You constrict the scorpion, but do no damage.
The scorpion barely misses you. The scorpion stings you.
You are poisoned.
The scorpion poisons you!
You hit the scorpion. Your squeeze misses the scorpion.
The scorpion is moderately wounded.
You constrict the scorpion, but do no damage.
You feel sick. The scorpion stings you.
* * * LOW HITPOINT WARNING * * *
You hit the scorpion.
The scorpion is heavily wounded.
You constrict the scorpion.
* * * LOW HITPOINT WARNING * * *
You feel sick. The scorpion stings you.
* * * LOW HITPOINT WARNING * * *
The scorpion stings you.
You die...

...####....#..#
...........#..##
.........<.#...#
...........#>.#####
...........#..##..####
######.....#..##.....#
#.....#..##.....#
#.....+.........#
#.....#....@s...#
#.....#####.....#
........ ##+####
........


You could see a scorpion.

Vanquished Creatures
  A hound (D:4)
  A worm (D:4)
  4 orcs (D:4)
  An endoplasm (D:4)
  A quokka (D:5)
  A ball python (D:4)
  A kobold (D:4)
10 creatures vanquished.

Notes
Turn   | Place    | Note
-------+----------+-------------------------------------------
     0 | D:5      | Azuregosa the Octopode Delver began the quest for the Orb.
     0 | D:5      | Reached XP level 1. HP: 16/16 MP: 1/1
     6 | D:6      | Noticed Eustachio
    22 | D:5      | Found a sparkling altar of Nemelex Xobeh.
    36 | D:5      | Noticed an orc wizard
   113 | D:5      | Noticed an orc priest
   374 | D:5      | Found an ornate altar of the Wu Jian Council.
   394 | D:5      | Noticed Duvessa
   394 | D:5      | Noticed Dowan
   413 | D:4      | Noticed a torpor snail
   413 | D:4      | Noticed a torpor snail
   413 | D:4      | Noticed a torpor snail
   413 | D:4      | Found a snail-covered altar of Cheibriados.
   419 | D:4      | Became a worshipper of Cheibriados the Contemplative
   436 | D:4      | Reached skill level 7 in Stealth
   471 | D:4      | Found a staircase to the Ecumenical Temple.
   480 | Temple   | Entered the Ecumenical Temple
   494 | D:4      | Reached XP level 2. HP: 15/21 MP: 2/2
   517 | D:4      | Reached skill level 8 in Stealth
   517 | D:4      | Reached XP level 3. HP: 20/26 MP: 3/3
   610 | D:6      | Noticed a gnoll sergeant
   610 | D:6      | Noticed a phantom
   632 | D:7      | Noticed a water moccasin
   637 | D:7      | Noticed a water moccasin
   667 | D:6      | Noticed a scorpion
   674 | D:6      | HP: 1/26 [scorpion (4)]
   674 | D:6      | Slain by a scorpion

Illustrated notes

Levels and vault maps discovered:
D:4:      layout_cave_pools, cheibriados_altar_2,
          minmay_temple_entry_stoned_glass, nicolae_ossuary_entry_giza
D:5:      dreamdust_elfheim, layout_loops_corners, lemuel_crystal_altar,
          lemuel_crystal_altar
D:6:      layout_gridville, uniq_eustachio
D:7:      cheibrodos_iron_armory, layout_rooms,
          chequers_temple_overflow_statue_of_worship, kennysheep_mini,
          old_standard_altar
Temple:   hellmonk_temple_beads

Skill      XL: |  1  2 |
---------------+-------+-----
Stealth        | 7 8 |  8.3
Fighting       | |  3.0
Maces & Flails | |  2.0
Dodging        | |  2.0

Action                     || total
---------------------------++-------
  Melee: Mace              ||    24
         Constrict         ||     9
         Tentacles         ||     7
    Use: Scroll            ||     1
   Stab: Sleeping          ||     4
 Armour: Skin              ||    19
  Dodge: Dodged            ||    22

Table legend: (Time is in decaauts)
 A = Elapsed time spent in this place.
 B = Non-inter-level travel time spent in this place.
 C = Inter-level travel time spent in this place.
 D = Time resting spent in this place.
 E = Time spent auto-exploring this place.
 F = Levels seen in this place.
 G = Mean time per level.
                   A        B        C        D        E       F      G
               +--------+--------+--------+--------+--------+-----+--------+
         Total |    729 |    729 |      0 |     92 |     17 |   5 |  145.8 |
       Dungeon |    728 |    728 |      0 |     92 |     17 |   4 |  182.0 |
        Temple |      1 |      1 |      0 |      0 |      0 |   1 |    1.0 |
               +--------+--------+--------+--------+--------+-----+--------+

Top non-repeatable levels by time:
     D:6: 267 daAuts
     D:5: 217 daAuts
     D:4: 214 daAuts
     D:7: 28 daAuts
  Temple: 1 daAuts
